 Dungeon Crawl Stone Soup version 0.24.0-123-gd5b16e6ec5 (webtiles) character file.

Game seed: 14389683208523544111, levelgen mode: deterministic

343 Bergy the Cudgeler (level 6, -4/37 HPs)
             Began as a Gargoyle Fighter on Jan 4, 2020.
             Was a Follower of Makhleb.
             Slain by an ogre
             ... wielding a +0 giant spiked club
              (10 damage)
             ... on level 4 of the Dungeon.
             The game lasted 00:08:22 (3381 turns).

Bergy the Cudgeler (Gargoyle Fighter)               Turns: 3381, Time: 00:08:23

Health: -4/37      AC: 16    Str: 20 (22) XL:     6   Next: 57%
Magic:  6/6        EV:  5    Int: 10 (13) God:    Makhleb [*.....]
Gold:   136        SH:  8    Dex:  6 (9)  Spells: 5/5 levels left

rFire    + . .     SeeInvis .   p - +0 whip (vamp)
rCold    + . .     Gourm    .   c - +0 shield
rNeg     + . .     Faith    .   n - +1 chain mail {rPois}
rPois    ∞         Spirit   .   l - +1 helmet
rElec    +         Reflect  .   b - scarf {rC+ rF+}
rCorr    .         Harm     .   (no gloves)
MR       .....                  (no boots)
Stlth    ..........             (no amulet)
HPRegen  0.12/turn              (no ring)
MPRegen  0.10/turn              (no ring)

@: brilliant
A: negative energy resistance 1, electricity resistance, unbreathing,
petrification resistance, rot immunity, AC +4
a: Renounce Religion


You were on level 4 of the Dungeon.
You worshipped Makhleb.
Makhleb was aware of your devotion.
You were hungry.

You visited 1 branch of the dungeon, and saw 4 of its levels.

You collected 136 gold pieces.

Inventory:

Hand Weapons
 a - a +0 flail
 p - a +0 vampiric whip (weapon)
Armour
 b - a scarf of resistance (worn)
 c - a +0 shield (worn)
 l - a +1 helmet (worn)
 n - a +1 chain mail of poison resistance (worn)
 t - a +0 pair of gloves
Jewellery
 u - a +4 ring of evasion {unknown}
Wands
 r - a wand of flame (14)
Scrolls
 h - a scroll of enchant armour {unknown}
 i - 6 scrolls of remove curse
 j - a scroll of fear {unknown}
 k - 4 scrolls of immolation {unknown}
 q - 5 scrolls of identify {unknown}
 s - a scroll of teleportation {unknown}
Potions
 d - a potion of might
 m - 2 potions of brilliance
 o - a potion of mutation {unknown}
Comestibles
 f - 10 rations
 v - a chunk of flesh


   Skills:
 - Level 3.2 Fighting
 * Level 6.8 Maces & Flails
 - Level 3.2 Armour
 - Level 3.2 Shields


You had 5 spell levels left.
You didn't know any spells.
Your spell library contained the following spells:

 Spells                   Type           Power        Failure   Level  Hunger
 Magic Dart               Conj           #...         80%         1    ##.....
 Searing Ray              Conj           #.....       89%         2    ###....
 Dazzling Spray           Conj/Hex       #.....       98%         3    ####...
 Force Lance              Conj/Tloc      #.......     100%        4    #####..
 Fulminant Prism          Conj/Hex       #.........   100%        4    #####..
 Iskenderun's Mystic Bla  Conj           #.......     100%        4    #####..


Dungeon Overview and Level Annotations

Branches:
Dungeon (4/15)
 Temple: D:4-7

Altars:
Ashenzari
Makhleb
Vehumet


Innate Abilities, Weirdness & Mutations

You are resistant to torment.
Your stone body is resilient. (AC +4)
You are immune to poison.
You resist negative energy. (rN+)
You are resistant to electric shocks. (rElec)
You can survive without breathing.
You are immune to petrification.
You are immune to rotting.


Message History

You hit the ogre but do no damage.
The ogre is moderately wounded.
You are feeling hungry.
You barely miss the ogre.
The ogre is moderately wounded.
The ogre hits you with a +0 giant spiked club!!
Ouch! That really hurt!
* * * LOW HITPOINT WARNING * * *
It was a potion of brilliance.
You feel clever all of a sudden. The ogre barely misses you.
It was a potion of magic.
Magic courses through your body.
It was a potion of degeneration.
There was something very wrong with that liquid.
You feel weakened.
You feel dopey.
You feel clumsy. You block the ogre's attack.
You whack the ogre!
The ogre is heavily wounded.
The ogre hits you with a +0 giant spiked club!
You die...

.... ..... ##...............
.....#............
####....#.........##.
###.....#.#............
.#......##..............
........#.............#.
###.......##..##.......
#....O@................
#.........###.#.........
..........####..####..#.
.........##...###.## #....
.................#..####...#
#..............#...##.....##
##............##....##.....#
.......#......##..##......#
..##...>.##.##..##.....###...


You could see an ogre.

Vanquished Creatures
  An ogre (D:4)
  A centaur skeleton (D:4)
  An orc wizard (D:3)
  Ijyb (D:3)
  Terence (D:2)
  5 adders
  An adder skeleton (D:4)
  3 worms
  2 dart slugs
  4 leopard geckos
  4 orcs (D:3)
  A ball python (D:2)
  8 bats
  9 giant cockroaches
  11 goblins
  4 hobgoblins
  5 jackals
  A quokka (D:4)
  8 frilled lizards
  8 kobolds
  8 rats
87 creatures vanquished.

Notes
Turn   | Place    | Note
-------+----------+-------------------------------------------
     0 | D:1      | Bergy the Gargoyle Fighter began the quest for the Orb.
     0 | D:1      | Reached XP level 1. HP: 14/14 MP: 1/1
   112 | D:1      | Reached XP level 2. HP: 13/19 MP: 2/2
   313 | D:1      | Found a shattered altar of Ashenzari.
   370 | D:1      | Reached skill level 3 in Maces & Flails
   604 | D:1      | Reached XP level 3. HP: 23/23 MP: 3/3
  1027 | D:2      | Noticed Terence
  1039 | D:2      | Killed Terence
  1039 | D:2      | Reached skill level 4 in Maces & Flails
  1039 | D:2      | Reached XP level 4. HP: 20/28 MP: 4/4
  1821 | D:2      | Found a burning altar of Makhleb.
  1822 | D:2      | Found a radiant altar of Vehumet.
  1829 | D:2      | Became a worshipper of Makhleb the Destroyer
  2182 | D:3      | Noticed Ijyb
  2230 | D:3      | Killed Ijyb
  2230 | D:3      | Reached skill level 5 in Maces & Flails
  2230 | D:3      | Reached XP level 5. HP: 31/32 MP: 5/5
  2508 | D:3      | Found a faded altar of an unknown god.
  3046 | D:4      | Reached skill level 6 in Maces & Flails
  3046 | D:4      | Reached XP level 6. HP: 29/37 MP: 6/6
  3123 | D:4      | Reached * piety under Makhleb
  3381 | D:4      | Slain by an ogre

Levels and vault maps discovered:
D:1:      dpeg_arrival_boxorama, layout_basic, st_stairs_10, ashenzari_altar_1
D:2:      layout_basic, chequers_temple_overflow_statue_of_worship,
          roderic_roman_lattice, minmay_heptomino_w4, uniq_terence
D:3:      layout_rooms, first_ration, chequers_ecumenical_altar_grove,
          kennysheep_path_1, uniq_ijyb
D:4:      layout_cave_pools, kennysheep_mini_moat, kennysheep_another_room

Skill      XL: |  1  2  3  4  5 |
---------------+----------------+-----
Maces & Flails | 3 4 5 6 |  6.8
Fighting       | |  3.2
Armour         | |  3.2
Shields        | |  3.2

Action                   |  1- 3 |  4- 6 || total
-------------------------+-------+-------++-------
Melee: Flail             |   132 |    37 ||   169
       Whip              |       |   362 ||   362
  Use: Scroll            |       |     1 ||     1
       Potion            |       |     3 ||     3
  Eat: Chunk             |     1 |     4 ||     5
       Ration            |       |     1 ||     1
Armor: Scale mail        |    86 |    26 ||   112
       Chain mail        |       |   185 ||   185
       Skin              |       |    10 ||    10
Dodge: Dodged            |    32 |    96 ||   128
Block: Shield            |    97 |   187 ||   284
